General information
- name: BNet
- type: Ladder team game (AT/RT)
- host: Battle.net
- saver: Imperial
map: TwilightRuins
- players: 8
- length: 35:03
- speed: Fast
- version: 1.27 W3XP
- replay type: Public
» download(256 KB)
Players
team 1 (winner)
delanov (
red | 56 APM | 1714 actions | 30:29)
7 Tauren Chieftain
3 Shockwave
3 Endurance Aura
1 Reincarnation
» actions
| Assign group hotkey | 68 | |
| Basic commands | 92 | |
| Build / train | 106 | |
| ESC pressed | 3 | |
| Enter build submenu | 32 | |
| Enter hero's abilities submenu | 7 | |
| Give item / drop item | 1 | |
| Remove unit from queue | 1 | |
| Right click | 654 | |
| Select / deselect | 368 | |
| Select group hotkey | 295 | |
| Use ability | 87 | |
1714 total
» units
| Peon | 9 | |
| Grunt | 4 | |
| Shaman | 14 | |
| Tauren | 11 | |
| Wisp | 8 | |
| Hippogryph | 17 | |
| Chimaera | 9 | |
72 total
» upgrades
| Berserker Strength | 1 | |
| Melee Weapons | 3 | |
| Shaman Training | 2 | |
| Armor | 3 | |
| Pulverize | 1 | |
| Strength of the Wild | 2 | |
| Corrosive Breath | 1 | |
13 total
» buildings
| Altar of Storms | 1 | |
| Orc Burrow | 7 | |
| Barracks | 1 | |
| Voodoo Lounge | 1 | |
| Stronghold | 2 | |
| War Mill | 1 | |
| Fortress | 1 | |
| Spirit Lodge | 1 | |
| Tauren Totem | 1 | |
| Ancient of Wind | 1 | |
| Chimaera Roost | 3 | |
| Moon Well | 3 | |
| Tree of Life | 2 | |
| Great Hall | 3 | |
28 total
» build order
00:22 Altar of Storms
00:33 Orc Burrow
00:45 Barracks
01:51 Orc Burrow
02:04 Voodoo Lounge
02:59 Stronghold
02:59 Stronghold
04:47 Orc Burrow
04:57 War Mill
05:22 Fortress
05:24 Spirit Lodge
07:10 Orc Burrow
07:48 Tauren Totem
10:43 Ancient of Wind
12:23 Chimaera Roost
12:39 Chimaera Roost
12:46 Chimaera Roost
13:31 Orc Burrow
13:33 Orc Burrow
14:29 Orc Burrow
15:20 Moon Well
15:21 Moon Well
15:23 Moon Well
16:19 Tree of Life
17:09 Tree of Life
25:56 Great Hall
25:59 Great Hall
26:38 Great Hall
» items
| Healing Salve | 2 | |
| Lesser Clarity Potion | 1 | |
| Scroll of Speed | 1 | |
| Boots of Speed | 1 | |
| Periapt of Vitality | 1 | |
| Wand of Mana Stealing | 1 | |
| Scroll of Town Portal | 1 | |
| Potion of Lesser Invulnerability | 1 | |
9 total

»
Arizona.CPA (
orange | 78 APM | 2550 actions | 32:47)
6 Death Knight
3 Death Coil
3 Unholy Aura
5 Crypt Lord
2 Spiked Carapace
3 Impale
5 Lich
2 Frost Armor
3 Frost Nova
» actions
| Assign group hotkey | 38 | |
| Basic commands | 148 | |
| Build / train | 103 | |
| ESC pressed | 6 | |
| Enter build submenu | 42 | |
| Enter hero's abilities submenu | 17 | |
| Give item / drop item | 9 | |
| Right click | 737 | |
| Select / deselect | 607 | |
| Select group hotkey | 715 | |
| Use ability | 128 | |
2550 total
» units
| Acolyte | 10 | |
| Ghoul | 6 | |
| Obsidian Statue | 5 | |
| Frost Wyrm | 5 | |
| Hippogryph | 4 | |
| Chimaera | 1 | |
| Crypt Fiend | 7 | |
38 total
» upgrades
| Creature Attack | 3 | |
| Destroyer Form | 1 | |
| Creature Carapace | 3 | |
| Reinforced Hides | 1 | |
| Freezing Breath | 1 | |
| Web | 1 | |
10 total
» buildings
| Crypt | 2 | |
| Ziggurat | 10 | |
| Altar of Darkness | 1 | |
| Graveyard | 1 | |
| Tomb of Relics | 1 | |
| Halls of the Dead | 4 | |
| Necropolis | 1 | |
| Nerubian Tower | 1 | |
| Spirit Tower | 2 | |
| Black Citadel | 1 | |
| Slaughterhouse | 2 | |
| Sacrificial Pit | 1 | |
| Boneyard | 4 | |
| Ancient of Wind | 1 | |
| Chimaera Roost | 1 | |
| Moon Well | 1 | |
| Tree of Ages | 3 | |
| Tree of Eternity | 1 | |
38 total
» build order
00:15 Crypt
00:18 Ziggurat
00:39 Ziggurat
00:58 Altar of Darkness
01:10 Graveyard
01:49 Tomb of Relics
02:58 Halls of the Dead
02:58 Halls of the Dead
02:59 Halls of the Dead
03:45 Necropolis
04:27 Ziggurat
04:36 Ziggurat
05:04 Ziggurat
05:20 Nerubian Tower
05:51 Spirit Tower
06:12 Spirit Tower
06:50 Black Citadel
07:18 Slaughterhouse
07:20 Slaughterhouse
07:24 Sacrificial Pit
09:48 Boneyard
09:49 Boneyard
09:53 Boneyard
11:29 Ancient of Wind
11:59 Boneyard
12:25 Ziggurat
12:32 Ziggurat
13:54 Chimaera Roost
15:11 Moon Well
15:16 Ziggurat
17:56 Crypt
19:52 Ziggurat
19:53 Ziggurat
21:08 Tree of Ages
21:08 Tree of Ages
21:08 Tree of Ages
24:25 Tree of Eternity
» items
| Rod of Necromancy | 4 | |
| Sacrificial Skull | 4 | |
| Boots of Speed | 2 | |
| Periapt of Vitality | 4 | |
| Circlet of Nobility | 4 | |
| Orb of Corruption | 2 | |
| Scroll of Town Portal | 1 | |
| Gloves of Haste | 2 | |
| Replenishment Potion | 1 | |
24 total
Danoob (
blue | 51 APM | 524 actions | 10:20)
3 Demon Hunter
2 Mana Burn
1 Evasion
» actions
| Assign group hotkey | 14 | |
| Basic commands | 6 | |
| Build / train | 30 | |
| Enter build submenu | 11 | |
| Enter hero's abilities submenu | 3 | |
| Remove unit from queue | 1 | |
| Right click | 260 | |
| Select / deselect | 125 | |
| Select group hotkey | 55 | |
| Use ability | 19 | |
524 total
» units
» upgrades
| Moon Armor | 1 | |
| Improved Bows | 1 | |
| Ultravision | 1 | |
| Well Spring | 1 | |
4 total
» buildings
| Moon Well | 4 | |
| Altar of Elders | 1 | |
| Ancient of War | 1 | |
| Ancient of Wonders | 1 | |
| Tree of Ages | 1 | |
| Hunter's Hall | 1 | |
| Tree of Life | 1 | |
| Ancient Protector | 2 | |
| Tree of Eternity | 1 | |
13 total
» build order
00:20 Moon Well
00:34 Altar of Elders
00:51 Ancient of War
01:33 Moon Well
02:14 Moon Well
02:46 Ancient of Wonders
03:12 Moon Well
03:42 Tree of Ages
04:49 Hunter's Hall
06:39 Tree of Life
06:44 Ancient Protector
06:44 Ancient Protector
07:25 Tree of Eternity
Chickenhawk (
green | 53 APM | 1859 actions | 35:03)
8 Archmage
3 Summon Water Elemental
3 Brilliance Aura
1 Mass Teleport
1 Blizzard
» actions
| Assign group hotkey | 69 | |
| Basic commands | 56 | |
| Build / train | 85 | |
| Enter build submenu | 48 | |
| Enter hero's abilities submenu | 8 | |
| Give item / drop item | 3 | |
| Right click | 796 | |
| Select / deselect | 367 | |
| Select group hotkey | 299 | |
| Use ability | 128 | |
1859 total
» units
| Peasant | 14 | |
| Footman | 4 | |
| Goblin Shredder | 1 | |
| Gryphon Rider | 6 | |
| Goblin Sapper | 4 | |
29 total
» upgrades
| Masonry | 3 | |
| Swords | 3 | |
| Armor | 3 | |
| Animal War Training | 1 | |
| Storm Hammers | 1 | |
| Cloud | 1 | |
12 total
» buildings
| Altar of Kings | 1 | |
| Barracks | 1 | |
| Farm | 5 | |
| Scout Tower | 39 | |
| Arcane Tower | 1 | |
| Keep | 1 | |
| Town Hall | 4 | |
| Lumber Mill | 1 | |
| Arcane Vault | 1 | |
| Guard Tower | 18 | |
| Castle | 1 | |
| Gryphon Aviary | 4 | |
| Blacksmith | 2 | |
79 total
» build order
00:35 Altar of Kings
00:37 Barracks
00:50 Farm
00:51 Farm
01:04 Farm
01:39 Farm
01:54 Scout Tower
02:55 Arcane Tower
03:32 Keep
04:29 Town Hall
04:38 Lumber Mill
04:41 Arcane Vault
04:45 Scout Tower
04:46 Scout Tower
04:54 Scout Tower
04:56 Scout Tower
06:08 Guard Tower
06:40 Guard Tower
07:09 Castle
08:44 Guard Tower
08:58 Gryphon Aviary
08:58 Gryphon Aviary
08:59 Gryphon Aviary
09:00 Gryphon Aviary
09:03 Blacksmith
09:05 Blacksmith
10:23 Farm
10:34 Guard Tower
12:47 Scout Tower
12:48 Scout Tower
12:48 Scout Tower
12:49 Scout Tower
12:49 Scout Tower
12:51 Scout Tower
12:52 Scout Tower
12:53 Scout Tower
12:53 Scout Tower
12:54 Scout Tower
12:55 Scout Tower
12:55 Scout Tower
12:56 Scout Tower
14:03 Guard Tower
15:15 Guard Tower
15:15 Guard Tower
15:16 Guard Tower
16:30 Guard Tower
16:37 Scout Tower
16:38 Scout Tower
16:39 Scout Tower
16:39 Scout Tower
17:26 Scout Tower
17:30 Scout Tower
17:32 Scout Tower
17:36 Scout Tower
17:37 Scout Tower
17:54 Guard Tower
18:02 Guard Tower
18:04 Scout Tower
18:05 Scout Tower
18:08 Guard Tower
18:18 Guard Tower
19:20 Guard Tower
19:24 Scout Tower
19:27 Scout Tower
19:29 Scout Tower
20:48 Guard Tower
22:10 Guard Tower
22:15 Scout Tower
22:15 Scout Tower
22:15 Scout Tower
22:17 Scout Tower
22:17 Scout Tower
22:18 Scout Tower
26:12 Guard Tower
29:40 Town Hall
31:46 Town Hall
32:12 Town Hall
» items
| Scroll of Regeneration | 3 | |
| Mechanical Critter | 6 | |
| Staff of Sanctuary | 1 | |
| Ivory Tower | 2 | |
| Periapt of Vitality | 1 | |
| Potion of Lesser Invulnerability | 1 | |
14 total
team 2 (loser)

»
dubbs (
purple | 68 APM | 1349 actions | 19:42)
4 Dark Ranger
2 Black Arrow
1 Silence
1 Life Drain
» actions
| Assign group hotkey | 45 | |
| Basic commands | 69 | |
| Build / train | 81 | |
| ESC pressed | 1 | |
| Enter build submenu | 35 | |
| Enter hero's abilities submenu | 4 | |
| Give item / drop item | 3 | |
| Remove unit from queue | 2 | |
| Right click | 410 | |
| Select / deselect | 192 | |
| Select group hotkey | 463 | |
| Use ability | 44 | |
1349 total
» units
| Acolyte | 14 | |
| Ghoul | 5 | |
| Crypt Fiend | 23 | |
| Obsidian Statue | 7 | |
| Banshee | 2 | |
51 total
» upgrades
| Creature Attack | 2 | |
| Web | 1 | |
| Exhume Corpses | 0 | |
| Creature Carapace | 1 | |
| Banshee Training | 1 | |
5 total
» buildings
| Altar of Darkness | 2 | |
| Ziggurat | 14 | |
| Crypt | 2 | |
| Graveyard | 1 | |
| Tomb of Relics | 1 | |
| Halls of the Dead | 1 | |
| Slaughterhouse | 1 | |
| Sacrificial Pit | 1 | |
| Black Citadel | 1 | |
| Spirit Tower | 14 | |
| Boneyard | 3 | |
| Temple of the Damned | 1 | |
42 total
» build order
00:13 Altar of Darkness
00:14 Ziggurat
00:38 Altar of Darkness
00:56 Crypt
01:09 Graveyard
01:24 Ziggurat
02:40 Ziggurat
03:00 Tomb of Relics
04:05 Halls of the Dead
05:27 Ziggurat
06:29 Slaughterhouse
06:32 Sacrificial Pit
06:36 Ziggurat
09:30 Black Citadel
09:48 Ziggurat
09:50 Ziggurat
09:51 Ziggurat
09:53 Ziggurat
09:55 Ziggurat
10:52 Spirit Tower
10:59 Spirit Tower
10:59 Spirit Tower
11:00 Spirit Tower
11:09 Spirit Tower
11:13 Spirit Tower
11:14 Spirit Tower
11:14 Spirit Tower
11:35 Spirit Tower
11:58 Boneyard
12:05 Crypt
12:32 Spirit Tower
12:34 Spirit Tower
12:36 Spirit Tower
13:47 Boneyard
13:49 Boneyard
14:33 Temple of the Damned
18:05 Ziggurat
18:28 Ziggurat
19:10 Spirit Tower
19:12 Ziggurat
19:19 Ziggurat
» items
| Sacrificial Skull | 1 | |
| Scroll of Town Portal | 1 | |
2 total
M(e)DO. (
pink | 93 APM | 1833 actions | 19:44)
5 Paladin
3 Holy Light
2 Divine Shield
» actions
| Assign group hotkey | 135 | |
| Basic commands | 165 | |
| Build / train | 90 | |
| ESC pressed | 10 | |
| Enter build submenu | 35 | |
| Enter hero's abilities submenu | 5 | |
| Give item / drop item | 2 | |
| Right click | 654 | |
| Select / deselect | 271 | |
| Select group hotkey | 362 | |
| Use ability | 104 | |
1833 total
» units
| Peasant | 21 | |
| Footman | 13 | |
| Knight | 5 | |
39 total
» upgrades
| Defend | 1 | |
| Gunpowder | 1 | |
| Swords | 2 | |
| Plating | 3 | |
| Priest Training | 2 | |
| Animal War Training | 3 | |
| Long Rifles | 1 | |
13 total
» buildings
| Altar of Kings | 1 | |
| Farm | 8 | |
| Barracks | 6 | |
| Arcane Vault | 2 | |
| Scout Tower | 9 | |
| Lumber Mill | 1 | |
| Arcane Tower | 2 | |
| Guard Tower | 4 | |
| Town Hall | 2 | |
| Keep | 2 | |
| Blacksmith | 2 | |
| Castle | 2 | |
| Arcane Sanctum | 1 | |
42 total
» build order
00:15 Altar of Kings
00:17 Farm
01:04 Barracks
01:19 Farm
01:29 Farm
02:28 Farm
02:32 Barracks
02:37 Arcane Vault
02:43 Scout Tower
02:47 Arcane Vault
03:14 Lumber Mill
03:17 Arcane Tower
03:18 Arcane Tower
03:30 Farm
03:31 Farm
03:32 Farm
04:12 Scout Tower
05:20 Farm
05:22 Guard Tower
05:52 Town Hall
05:56 Scout Tower
05:58 Scout Tower
06:01 Scout Tower
06:04 Scout Tower
06:35 Guard Tower
07:37 Keep
07:37 Keep
08:54 Blacksmith
08:56 Blacksmith
09:14 Scout Tower
09:16 Scout Tower
09:17 Scout Tower
10:34 Guard Tower
10:39 Castle
11:07 Arcane Sanctum
11:09 Barracks
12:17 Barracks
12:19 Barracks
13:22 Barracks
18:35 Town Hall
» items
| Scroll of Regeneration | 11 | |
| Lesser Clarity Potion | 3 | |
| Scroll of Town Portal | 5 | |
| Orb of Fire | 1 | |
20 total

»
fumbler (
yellow | 68 APM | 1749 actions | 25:51)
7 Blademaster
2 Mirror Image
3 Critical Strike
1 Wind Walk
1 Bladestorm
1 Tauren Chieftain
1 Endurance Aura
2 Death Knight
1 Unholy Aura
1 Death Coil
2 Dark Ranger
1 Black Arrow
1 Charm
» actions
| Assign group hotkey | 30 | |
| Basic commands | 16 | |
| Build / train | 92 | |
| Enter build submenu | 27 | |
| Enter hero's abilities submenu | 12 | |
| Give item / drop item | 4 | |
| Right click | 816 | |
| Select / deselect | 511 | |
| Select group hotkey | 109 | |
| Use ability | 132 | |
1749 total
» units
| Peon | 7 | |
| Grunt | 3 | |
| Goblin Shredder | 1 | |
| Shaman | 7 | |
| Kodo Beast | 2 | |
| Wind Rider | 4 | |
| Goblin Sapper | 3 | |
| Gargoyle | 5 | |
| Frost Wyrm | 1 | |
33 total
» upgrades
| Melee Weapons | 1 | |
| Shaman Training | 2 | |
| War Drums Damage Increase | 1 | |
| Envenomed Spears | 1 | |
| Ranged Weapons | 1 | |
| Berserker Upgrade | 1 | |
| Creature Attack | 1 | |
| Creature Carapace | 1 | |
9 total
» buildings
| Altar of Storms | 1 | |
| Orc Burrow | 12 | |
| Barracks | 1 | |
| Voodoo Lounge | 2 | |
| War Mill | 2 | |
| Stronghold | 3 | |
| Fortress | 1 | |
| Spirit Lodge | 3 | |
| Beastiary | 4 | |
29 total
» build order
00:03 Altar of Storms
00:12 Orc Burrow
00:39 Barracks
01:27 Voodoo Lounge
02:03 Orc Burrow
02:27 War Mill
03:10 Stronghold
03:10 Stronghold
04:59 Orc Burrow
05:35 Fortress
06:01 Spirit Lodge
06:19 Voodoo Lounge
07:08 Spirit Lodge
07:26 Orc Burrow
08:26 Spirit Lodge
10:16 Beastiary
10:18 Beastiary
11:02 Orc Burrow
11:03 Orc Burrow
11:53 Orc Burrow
12:38 War Mill
13:21 Beastiary
14:20 Beastiary
19:25 Orc Burrow
19:25 Orc Burrow
19:28 Orc Burrow
19:28 Orc Burrow
19:29 Orc Burrow
» items
| Healing Salve | 5 | |
| Scroll of Speed | 2 | |
| Lesser Clarity Potion | 1 | |
| Wand of Lightning Shield | 1 | |
| Gloves of Haste | 1 | |
| Wand of Illusion | 1 | |
| Tiny Great Hall | 1 | |
| Scroll of Healing | 1 | |
| Tome of Retraining | 1 | |
| Staff of Teleportation | 1 | |
| Scroll of Town Portal | 3 | |
| Orb of Lightning | 2 | |
20 total
Imperial (
teal | 133 APM | 4658 actions | 35:03)
8 Archmage
3 Summon Water Elemental
3 Brilliance Aura
1 Mass Teleport
1 Blizzard
6 Mountain King
3 Storm Bolt
2 Bash
1 Avatar
» actions
| Assign group hotkey | 151 | |
| Basic commands | 64 | |
| Build / train | 330 | |
| ESC pressed | 2 | |
| Enter build submenu | 84 | |
| Enter hero's abilities submenu | 15 | |
| Give item / drop item | 7 | |
| Remove unit from queue | 1 | |
| Right click | 1587 | |
| Select / deselect | 703 | |
| Select group hotkey | 1369 | |
| Use ability | 345 | |
4658 total
» units
| Peasant | 25 | |
| Footman | 9 | |
| Goblin Shredder | 7 | |
| Goblin Zeppelin | 3 | |
| Gryphon Rider | 6 | |
| Flying Machine | 18 | |
| Dragonhawk Rider | 4 | |
| Siege Engine | 1 | |
73 total
» upgrades
| Masonry | 5 | |
| Swords | 3 | |
| Storm Hammers | 1 | |
| Animal War Training | 1 | |
| Armor | 3 | |
| Cloud | 1 | |
| Lumber Harvesting | 2 | |
| Flak Cannons | 1 | |
| Flying Machine Bombs | 1 | |
| Gunpowder | 3 | |
| Flare | 1 | |
| Plating | 3 | |
| Barrage | 1 | |
| Fragmentation Shards | 1 | |
| Long Rifles | 1 | |
| Defend | 1 | |
29 total
» buildings
| Altar of Kings | 1 | |
| Farm | 9 | |
| Barracks | 1 | |
| Scout Tower | 60 | |
| Arcane Tower | 11 | |
| Lumber Mill | 1 | |
| Arcane Vault | 1 | |
| Town Hall | 3 | |
| Guard Tower | 107 | |
| Keep | 4 | |
| Blacksmith | 1 | |
| Castle | 4 | |
| Gryphon Aviary | 3 | |
| Workshop | 4 | |
| Cannon Tower | 13 | |
223 total
» build order
00:34 Altar of Kings
00:42 Farm
01:04 Barracks
01:14 Farm
01:20 Scout Tower
01:53 Farm
01:58 Farm
02:09 Arcane Tower
02:09 Arcane Tower
02:09 Arcane Tower
02:24 Lumber Mill
02:41 Arcane Vault
03:10 Farm
03:41 Scout Tower
03:50 Scout Tower
03:51 Scout Tower
03:52 Scout Tower
04:18 Town Hall
04:22 Guard Tower
04:22 Guard Tower
04:22 Guard Tower
04:28 Guard Tower
04:29 Guard Tower
04:29 Guard Tower
04:38 Guard Tower
04:39 Guard Tower
04:39 Guard Tower
06:19 Keep
06:20 Keep
06:20 Keep
06:33 Arcane Tower
06:34 Arcane Tower
06:34 Arcane Tower
07:32 Blacksmith
08:14 Scout Tower
08:16 Scout Tower
08:31 Farm
08:45 Castle
08:45 Castle
08:45 Guard Tower
08:46 Guard Tower
09:13 Gryphon Aviary
09:16 Gryphon Aviary
09:18 Scout Tower
09:22 Scout Tower
09:56 Guard Tower
09:57 Guard Tower
09:57 Guard Tower
12:35 Scout Tower
12:35 Scout Tower
12:36 Scout Tower
12:36 Scout Tower
12:38 Scout Tower
12:59 Farm
13:01 Farm
13:16 Workshop
13:18 Workshop
14:02 Guard Tower
14:02 Guard Tower
14:03 Guard Tower
14:03 Guard Tower
14:03 Guard Tower
14:08 Scout Tower
14:09 Scout Tower
14:10 Scout Tower
14:21 Workshop
14:23 Workshop
14:25 Gryphon Aviary
14:53 Cannon Tower
14:53 Cannon Tower
15:07 Guard Tower
15:08 Cannon Tower
15:08 Cannon Tower
15:13 Cannon Tower
15:16 Scout Tower
15:17 Scout Tower
15:18 Scout Tower
15:20 Scout Tower
15:58 Guard Tower
15:58 Guard Tower
15:59 Guard Tower
15:59 Guard Tower
15:59 Guard Tower
16:01 Guard Tower
16:01 Guard Tower
16:01 Guard Tower
16:01 Guard Tower
16:02 Guard Tower
16:17 Scout Tower
16:18 Scout Tower
16:19 Scout Tower
16:21 Scout Tower
16:22 Scout Tower
16:24 Scout Tower
16:31 Farm
17:00 Guard Tower
17:00 Guard Tower
17:27 Guard Tower
17:28 Cannon Tower
17:29 Cannon Tower
17:29 Guard Tower
17:29 Guard Tower
17:29 Guard Tower
18:49 Scout Tower
18:49 Scout Tower
18:50 Scout Tower
18:51 Scout Tower
18:54 Scout Tower
18:54 Scout Tower
18:57 Scout Tower
18:58 Scout Tower
18:59 Scout Tower
20:05 Scout Tower
20:05 Scout Tower
20:06 Scout Tower
20:06 Scout Tower
20:07 Scout Tower
20:08 Scout Tower
20:20 Scout Tower
20:21 Scout Tower
20:21 Scout Tower
20:22 Scout Tower
20:55 Guard Tower
20:56 Guard Tower
21:00 Guard Tower
21:01 Guard Tower
21:01 Guard Tower
21:24 Guard Tower
21:24 Guard Tower
21:24 Guard Tower
21:25 Guard Tower
21:25 Guard Tower
21:25 Guard Tower
22:20 Guard Tower
22:20 Guard Tower
23:51 Town Hall
23:52 Scout Tower
23:52 Scout Tower
23:53 Scout Tower
23:53 Scout Tower
25:02 Guard Tower
25:02 Guard Tower
25:02 Guard Tower
25:05 Scout Tower
25:06 Scout Tower
25:07 Scout Tower
25:09 Scout Tower
25:41 Guard Tower
25:42 Guard Tower
25:42 Guard Tower
25:42 Guard Tower
25:43 Guard Tower
30:55 Town Hall
30:56 Scout Tower
30:56 Scout Tower
30:57 Scout Tower
30:58 Scout Tower
31:37 Guard Tower
31:37 Guard Tower
31:37 Guard Tower
31:47 Scout Tower
31:49 Scout Tower
32:19 Cannon Tower
32:19 Cannon Tower
32:19 Cannon Tower
32:21 Guard Tower
32:21 Guard Tower
33:40 Guard Tower
33:40 Guard Tower
33:40 Guard Tower
33:41 Guard Tower
33:41 Guard Tower
33:41 Guard Tower
33:41 Guard Tower
33:42 Guard Tower
33:42 Guard Tower
33:43 Guard Tower
33:43 Guard Tower
33:44 Arcane Tower
33:47 Guard Tower
33:47 Guard Tower
33:48 Guard Tower
33:52 Guard Tower
33:53 Arcane Tower
33:53 Arcane Tower
» items
| Scroll of Regeneration | 8 | |
| Mechanical Critter | 10 | |
| Wand of Illusion | 1 | |
| Periapt of Vitality | 2 | |
| Potion of Healing | 6 | |
| Ivory Tower | 4 | |
| Staff of Teleportation | 1 | |
| Boots of Speed | 1 | |
| Ring of Regeneration | 1 | |
| Pendant of Energy | 1 | |
| Scroll of Protection | 1 | |
| Scroll of Town Portal | 4 | |
| Staff of Sanctuary | 1 | |
| Lesser Clarity Potion | 1 | |
| Potion of Mana | 1 | |
| Potion of Invulnerability | 1 | |
| Potion of Lesser Invulnerability | 1 | |
45 total
Chat log
(00:10 / All) Chickenhawk: TT
(00:22 / Allies) fumbler: cc
(04:27 / Allies) fumbler: i think iv'e peaked
(04:32 / Allies) Imperial: ?
(04:35 / Allies) fumbler: depressing
(04:43 / Allies) fumbler: im no longer getting better at the game
(05:02 / Allies) Imperial: improvement gets more subtle at a certain point in rts
(06:51 / Allies) fumbler: i masss shaman
(08:33 / Allies) fumbler: 100 wood?
(09:40 / Allies) dubbs: gg
(10:20 / All) Chickenhawk: *makes fart noises*
(12:22 / Allies) M(e)DO.: wood ?
(13:04 / Allies) M(e)DO.: OUT
(13:13 / Allies) M(e)DO.: OIY
(13:24 / Allies) M(e)DO.: COME TO ME
(14:16 / Allies) M(e)DO.: aa plz
(14:58 / Allies) M(e)DO.: SHANS !
(15:01 / Allies) M(e)DO.: shamns
(15:50 / Allies) dubbs: gg
(15:53 / Allies) dubbs: team of no unbits
(16:25 / Allies) M(e)DO.: wood plz
(17:37 / Allies) dubbs: jsut shams
(17:38 / Allies) dubbs: really
(18:53 / Allies) M(e)DO.: out
(19:20 / Allies) M(e)DO.: get fuckinaa
(19:22 / Allies) M(e)DO.: fuckin aa
(19:29 / Allies) dubbs: stfu
(19:48 / Allies) Imperial: pussies wtf
(19:54 / Allies) fumbler: who do u want
(19:58 / All) Chickenhawk: why did that retard yellow keep hitting me opposite side of map?
(20:03 / Allies) Imperial: I got pink
(20:59 / All) Chickenhawk: OKAY YELLOW
(21:02 / All) Chickenhawk: I will stop picking on you
(21:12 / All) Chickenhawk: You're a noob and it's not fair for a great veteran like me to play games with you
(21:13 / All) Chickenhawk: like that
(22:25 / Allies) fumbler: push man
(22:28 / Allies) Imperial: sec
(22:29 / Allies) Imperial: buying tp
(23:28 / All) Chickenhawk: ACtually yellow, I think I'll just lay the smackdown on ya
(23:47 / All) fumbler: u want to solo?
(23:57 / All) Chickenhawk: I raped you solo
(23:57 / All) Chickenhawk: LOL
(24:07 / All) fumbler: u raped me solo in team
(24:09 / All) fumbler: makes sense
(24:20 / All) Chickenhawk: YEAH
(24:26 / All) Chickenhawk: You got dominated scrub
(24:34 / All) fumbler: dr has siphon life picked and u think you got talent
(24:50 / All) Chickenhawk: ?
(25:12 / All) fumbler: Do you want to Solo?
(25:17 / All) Chickenhawk: time to die newbie
(25:28 / All) fumbler: That's what I thought.
(25:53 / All) Chickenhawk: this is embarrassing for you kid
(30:36 / All) Imperial: raped lol
(32:49 / All) Imperial: LOL
(32:52 / All) Imperial: just left when he saw my army
(32:54 / All) Imperial: and got his lich bolted
(33:05 / All) Imperial: "this was really smooth
(33:10 / All) Chickenhawk: fumbler is mad as fuck I'm whispering him
(33:12 / All) Imperial: no issue tk and everyone left on their own
(34:12 / All) Imperial: who win/lose
(34:13 / All) Imperial: stats?
(34:54 / All) Chickenhawk: give fumbler a loss
(34:58 / All) Imperial: k